Map: 16-Bit LE

Players

Asmordian

  • Race: Terran Terran
  • League: Diamond
  • Spawn Location: 1:00

Nordy - Winner!

  • Race: Protoss Protoss
  • League: Diamond
  • Spawn Location: 7:00

VOD

Have the link to the VOD?

Description

Time

  • Played on: May 19, 2018, 9:25 p.m.
  • Length: 23:22
Show
View Real Time Build Order
Export as new Build Order

Asmordian Terran 

Build Orders: MMM Bio 

Get SALT Encoding   

  12  0:00  SCV  
  13  0:13  SCV  
  14  0:19  Supply Depot  
  14  0:25  SCV  
  15  0:40  SCV  
  15  0:42  Barracks  
  16  0:45  Refinery  
  16  0:53  SCV  
  17  1:05  SCV  
  18  1:17  SCV  
  19  1:31  Marine  
  19  1:32  Orbital Command  
  20  1:48  Refinery  
  19  1:57  Barracks Tech Lab  
  19  2:01  Supply Depot  
  19  2:02  SCV  
  20  2:14  SCV, Command Center  
  21  2:19  Marauder  
  23  2:26  SCV, Concussive Shells  
  24  2:38  SCV  
  24  2:41  Marauder  
  24  2:44  Barracks  
  27  2:51  SCV  
  27  2:57  Barracks  
  28  3:02  Marine  
  29  3:07  SCV  
  29  3:09  Stimpack  
  30  3:15  Factory  
  30  3:19  SCV  
  31  3:25  Orbital Command, Marine  
  32  3:32  SCV  
  33  3:36  Refinery, Barracks Reactor  
  33  3:43  Marine  
  33  3:44  SCV  
  35  4:17  Marine x4  
  35  4:20  Starport, Factory Reactor  
  35  4:22  SCV  
  35  4:24  SCV  
  35  4:28  Engineering Bay  
  35  4:31  Refinery  
  36  4:32  Refinery  
  36  4:34  SCV  
  36  4:35  Marine x4  
  36  4:36  SCV  
  42  4:46  SCV  
  42  4:48  SCV  
  44  4:53  Marine  
  44  4:59  SCV  
  46  5:06  Supply Depot  
  46  5:07  Barracks Tech Lab  
  46  5:11  Combat Shield  
  46  5:19  Supply Depot  
  46  5:27  SCV x2, Marine x2, Medivac x2  
  54  5:32  Engineering Bay  
  54  5:41  Marauder, SCV x2, Marine  
  54  5:42  Supply Depot  
  59  5:44  Supply Depot  
  59  5:45  Marine x2  
  61  5:53  SCV  
  62  5:57  Supply Depot  
  62  5:58  Missile Turret  
  62  6:02  Missile Turret  
  62  6:04  Marauder, SCV, Marine  
  66  6:05  SCV  
  67  6:16  SCV, Marine x2  
  67  6:17  Medivac x2  
  74  6:20  Terran Infantry Weapons Level 1  
  74  6:21  Marine  
  74  6:22  Terran Infantry Armor Level 1  
  74  6:25  Marine  
  76  6:34  Marine  
  77  6:41  SCV x2  
  77  6:42  Marine x2  
  77  6:43  Marine, Barracks  
  77  6:45  Barracks  
  82  6:51  Marine  
  77  7:04  Marine x2  
  77  7:05  Marauder  
  75  7:09  Marine  
  70  7:22  Marine  
  73  7:23  Marauder  
  73  7:25  SCV x2  
  75  7:30  Command Center  
  75  7:33  Barracks Reactor x2  
  75  7:35  Barracks  
  75  7:36  Barracks  
  75  7:38  Supply Depot x2  
  75  7:39  Ghost Academy  
  75  7:42  Supply Depot, Marine x2  
  75  7:43  Supply Depot  
  59  8:16  Ghost x2  
  59  8:18  Marine x2  
  65  8:26  Armory  
  65  8:28  Barracks Tech Lab  
  65  8:29  Barracks Tech Lab  
  65  8:31  Medivac x2  
  69  8:36  Marine x2  
  71  8:42  Personal Cloaking  
  71  8:44  Supply Depot  
  71  8:45  Supply Depot, Marine x2  
  73  8:50  Supply Depot  
  73  8:51  Supply Depot  
  73  8:53  Supply Depot  
  73  8:54  Marine x2  
  75  8:58  Fusion Core  
  75  9:03  Marine  
  76  9:12  Ghost  
  76  9:13  Marine x2, Ghost  
  76  9:14  Marine  
  76  9:15  Starport  
  83  9:21  Marine  
  84  9:31  Marine  
  84  9:38  Marauder, Marine x5  
  89  9:39  Marauder  
  89  9:41  Marine  
  89  9:42  Marine  
  96  9:49  Marine  
  97  9:55  Marine  
  83  10:10  Marine  
  83  10:13  Marauder, Marine x6  
  83  10:14  Marauder x2  
  77  10:28  Marine  
  77  10:30  Marine  
  77  10:32  Marauder  
  77  10:33  Marine x3  
  77  10:35  Marauder x2, Planetary Fortress  
  88  10:47  Marine x2  
  88  10:48  Marine x2  
  92  10:51  Marine  
  92  10:53  Marauder  
  92  10:56  Marauder  
  89  11:15  Starport Tech Lab  
  89  11:18  Refinery  
  89  11:22  Barracks Tech Lab  
  89  11:23  Refinery  
  89  11:24  Terran Infantry Armor Level 2, Terran Infantry Weapons Level 2  
  89  11:28  Marine x2  
  89  11:29  Marauder x2, Marine x5  
  89  11:32  Medivac x2  
  104  11:33  Medivac  
  106  11:46  Command Center  
  106  11:48  Marauder  
  106  11:53  Marine x5  
  106  11:54  Marauder x2, Marine  
  118  12:02  Medivac  
  118  12:06  Advanced Ballistics  
  120  12:27  Marine x4  
  120  12:28  Marauder x3, Marine x2  
  120  12:29  Marine  
  133  12:32  SCV  
  133  12:34  SCV  
  133  12:36  SCV  
  95  13:13  Marine x3  
  95  13:14  Marauder x3, Marine x4  
  95  13:17  Liberator  
  78  13:31  Marine x4  
  78  13:32  Marauder, Marine x2  
  76  13:35  Marauder x2  
  76  13:36  Marauder  
  79  14:18  Marine x3  
  79  14:19  Marauder x3, Marine  
  66  14:35  Marine  
  66  14:36  Marauder, Marine x3  
  64  14:40  Marauder  
  56  14:51  Marine x2  
  56  14:52  Marauder x2  
  59  14:53  Marine x2  
  59  14:54  Marine x2  
  59  14:58  Marauder  
  60  15:13  Marauder x2  
  64  15:29  Marine x4  
  64  15:30  Marauder, Marine x3  
  64  15:34  Marauder x2  
  77  15:42  SCV x2  
  79  15:43  Orbital Command  
  79  15:47  Marine  
  77  15:51  Marauder  
  77  15:54  SCV x2  
  81  16:00  Marine x2  
  81  16:01  Marauder x2, Marine x4  
  91  16:05  Marine  
  92  16:13  Marauder  
  92  16:14  Medivac x3  
  92  16:18  Marine x2  
  100  16:22  Marauder  
  100  16:23  Marauder  
  97  16:37  Marine x2  
  97  16:38  Marauder, Marine x5  
  106  16:44  Marauder x2  
  103  16:59  Marauder  
  102  17:10  Marine x2  
  102  17:11  Marauder x2, Marine, Medivac  
  102  17:12  Medivac x2  
  102  17:14  SCV  
  116  17:17  SCV  
  116  17:20  Barracks Reactor  
  116  17:55  Marauder, Marine x5  
  116  17:56  Marauder  
  124  18:09  Marine x2  
  124  18:12  Marine  
  122  18:13  Marine x3  
  122  18:14  Marauder  
  122  18:17  Marauder x2  
  132  18:35  Marauder  
  132  18:38  Marauder x2  
  138  19:07  Command Center  
  138  19:13  Command Center  
  138  19:16  Viking x2  
  142  19:36  Terran Infantry Weapons Level 3  
  142  19:37  Terran Infantry Armor Level 3  
  142  19:58  Marine x6, Viking  
  150  20:00  Supply Depot  
  150  20:03  Supply Depot  
  150  20:18  Marine x2, Viking  
  154  20:23  Supply Depot  
  154  20:28  Supply Depot  
  154  20:38  Orbital Command  
  154  20:54  Ghost  
  156  21:02  Planetary Fortress  
  156  21:07  SCV x3  
  159  21:14  Ghost  
  161  21:20  Ghost  
  163  21:26  Ghost  
  165  21:36  SCV x2  
  165  21:37  SCV  
  165  21:39  SCV  
  169  21:48  SCV  
  169  21:49  SCV, Ghost  
  169  21:50  Ghost  
  169  21:51  Marine  
Show
View Real Time Build Order
Export as new Build Order

Nordy Protoss - Winner!

Build Orders: 1 Gate Expand 

Get SALT Encoding   

  12  0:01  Probe  
  13  0:13  Probe  
  14  0:18  Pylon  
  14  0:25  Probe  
  15  0:34  Probe  
  15  0:38  Gateway  
  15  0:42  Probe  
  16  0:48  Assimilator  
  17  0:51  Probe  
  18  1:03  Probe  
  19  1:15  Probe  
  20  1:28  Nexus  
  20  1:42  Cybernetics Core  
  20  1:51  Probe  
  20  1:57  Pylon  
  19  2:04  Probe  
  20  2:11  Stalker  
  20  2:20  Probe  
  20  2:22  Warp Gate  
  23  2:31  Assimilator  
  23  2:32  Probe  
  24  2:42  Stalker  
  26  2:46  Gateway  
  26  2:48  Probe  
  26  2:49  Probe  
  28  2:56  Probe  
  28  2:57  Probe  
  30  3:06  Probe  
  30  3:07  Twilight Council  
  30  3:09  Probe  
  32  3:18  Probe  
  33  3:21  Probe  
  34  3:30  Probe  
  34  3:33  Probe  
  36  3:35  Robotics Facility  
  36  3:42  Probe  
  36  3:45  Probe  
  36  3:46  Stalker  
  40  3:54  Probe  
  41  3:57  Probe  
  40  4:08  Probe  
  40  4:09  Probe  
  40  4:20  Immortal  
  44  4:35  Shield Battery  
  44  4:36  Probe x2  
  46  4:40  Pylon  
  46  4:45  Pylon  
  46  4:48  Probe, Assimilator  
  46  4:52  Assimilator  
  46  4:58  Probe, Stalker  
  46  4:59  Stalker  
  51  5:00  Probe, Charge  
  52  5:10  Probe, Pylon  
  52  5:12  Probe  
  54  5:22  Probe  
  54  5:23  Stalker x2  
  54  5:24  Probe  
  60  5:37  Probe  
  60  5:38  Observer  
  60  5:42  Nexus  
  62  5:45  Pylon  
  62  5:49  Stalker  
  64  5:50  Stalker  
  64  5:52  Probe  
  64  5:53  Probe  
  68  6:01  Robotics Bay  
  68  6:02  Immortal  
  68  6:05  Probe x2  
  70  6:17  Probe  
  70  6:18  Probe  
  76  6:19  Sentry  
  78  6:29  Pylon  
  78  6:31  Pylon  
  78  6:34  Pylon  
  78  6:47  Probe x2  
  78  6:51  Pylon, Zealot x2  
  84  6:59  Probe x2  
  80  7:08  Probe x2  
  63  7:09  Probe  
  66  7:16  Probe  
  66  7:17  Probe x2, Zealot  
  66  7:18  Zealot  
  73  7:25  Gateway  
  73  7:27  Gateway  
  73  7:29  Probe  
  74  7:30  Observer, Gateway  
  74  7:31  Probe x2  
  77  7:42  Probe  
  77  7:43  Probe x2  
  80  7:48  Stalker  
  80  7:49  Stalker  
  70  8:11  Probe x3  
  70  8:12  Warp Prism  
  69  8:14  Zealot x2  
  73  8:20  Probe x2  
  73  8:22  Probe  
  78  8:28  Probe x2  
  80  8:41  Zealot x3  
  82  8:42  Zealot  
  82  8:45  Sentry  
  90  8:55  Probe  
  90  8:56  Probe x2  
  93  9:08  Probe x3  
  96  9:17  Zealot  
  96  9:18  Zealot x4  
  96  9:20  Probe x3  
  109  9:38  Stalker x2  
  109  9:39  Stalker x3  
  97  10:04  Zealot x3  
  97  10:05  Zealot x2  
  85  10:19  Probe x2  
  61  10:28  Colossus  
  61  10:30  Zealot  
  61  10:31  Zealot x4  
  71  10:35  Gateway  
  71  10:37  Gateway  
  71  10:39  Gateway  
  71  10:41  Gateway  
  71  10:42  Probe x3  
  80  10:47  Assimilator  
  80  10:50  Assimilator  
  80  10:52  Stalker  
  80  10:53  Stalker  
  80  10:54  Probe, Stalker x3  
  80  11:12  Colossus  
  80  11:19  Zealot x4  
  80  11:20  Zealot  
  96  11:41  Zealot  
  96  11:42  Zealot  
  96  11:43  Sentry x2  
  96  11:44  Extended Thermal Lance  
  104  11:51  Forge  
  104  11:52  Nexus  
  104  11:55  Pylon  
  104  11:57  Pylon  
  104  11:59  Pylon  
  104  12:01  Probe x3  
  107  12:09  Observer  
  107  12:13  Probe x2  
  109  12:18  Stalker  
  109  12:19  Stalker x3  
  109  12:20  Stalker  
  119  12:26  Zealot x2  
  123  12:38  Zealot  
  123  12:39  Zealot  
  127  12:45  Zealot x3  
  127  12:46  Zealot x2  
  137  13:01  Zealot x2  
  137  13:02  Zealot x2  
  129  13:14  Zealot x4  
  129  13:15  Zealot  
  129  13:16  Warp Prism  
  131  13:30  Zealot  
  131  13:31  Zealot x3  
  137  13:34  Zealot  
  137  13:35  Zealot x2  
  137  13:37  Probe x2  
  137  13:38  Probe  
  137  13:40  Probe  
  147  13:49  Probe  
  147  13:50  Probe  
  125  14:24  Zealot x2  
  125  14:25  Stalker x5  
  125  14:26  Stalker x2  
  91  14:48  Zealot x4  
  91  14:49  Zealot x5  
  95  14:59  Observer  
  87  15:01  Colossus  
  77  15:15  Zealot  
  77  15:16  Zealot x4  
  77  15:17  Zealot x4  
  95  15:34  Zealot x5  
  95  15:35  Zealot x3  
  111  15:45  Colossus  
  111  15:52  Protoss Ground Weapons Level 1  
  111  15:54  Stalker x3  
  111  15:55  Stalker x3  
  111  15:56  Stalker  
  131  16:16  Probe x2  
  131  16:17  Probe  
  119  16:44  Zealot x5  
  119  16:45  Zealot x3  
  119  16:46  Zealot  
  123  17:03  Probe x3  
  126  17:10  Zealot x2  
  126  17:11  Zealot x3  
  126  17:15  Probe  
  137  17:17  Warp Prism  
  137  17:21  Assimilator  
  137  17:23  Nexus  
  137  17:26  Assimilator, Pylon  
  137  17:28  Pylon  
  135  17:46  Zealot x7  
  135  17:47  Zealot  
  110  18:00  Protoss Ground Weapons Level 2  
  106  18:17  Zealot x5  
  114  18:38  Probe x2  
  114  18:41  Probe  
  114  18:46  Probe  
  117  18:53  Observer, Probe  
  119  18:59  Assimilator  
  119  19:03  Assimilator  
  119  19:17  Stalker  
  119  19:18  Stalker x2  
  125  19:39  Nexus  
  125  19:46  Colossus  
  125  19:49  Templar Archives  
  131  20:06  Protoss Ground Armor Level 1  
  131  20:21  Psionic Storm, Gateway  
  131  20:22  Gateway  
  131  20:27  High Templar  
  133  20:34  Pylon  
  133  20:37  Pylon  
  133  20:38  Pylon  
  133  20:41  Pylon  
  133  20:47  Pylon  
  133  20:51  High Templar x2  
  133  20:52  High Templar x5  
  133  20:53  High Templar  
  133  20:55  Archon  
  133  20:56  Archon x2  
  149  20:58  Archon  
  149  21:09  Probe x4  
  153  21:21  Probe x4  
  153  21:24  High Templar x2  
  153  21:25  High Templar x2  
  165  21:27  High Templar x5  
  165  21:31  High Templar x2  
  165  21:32  Archon x2  
  179  21:33  Archon  
  179  21:55  Probe x4  
  179  22:00  High Templar  
  179  22:01  High Templar  
  187  22:07  Probe, Pylon  
  187  22:08  Archon  
  188  22:09  Pylon  
  188  22:11  Pylon  
  188  22:23  Photon Cannon x2  
  188  22:25  Probe x4  
  188  22:26  Photon Cannon  
  188  22:28  Photon Cannon  
  188  22:29  High Templar x2  
  196  22:30  High Templar, Photon Cannon  
  196  22:32  High Templar  
  196  22:34  Archon  
  196  22:36  Archon  
  113  23:08  Zealot x6  
  113  23:09  Zealot x5  
Tags
 
Composition
MMM Bio
Matchup
PvT
Spawn Locations
Cross Positions
Add a new tag
Caveats
  • Supply blocks, unpowered buildings, or Contaminate may cause inaccurate times.
  • Supply counts are checked every 10 seconds.